 Dungeon Crawl Stone Soup version 0.28.0-53-g5a82cb258f (webtiles) character file.

Game seed: 17968724232120584782

285 Sin92 the Shield-Bearer (level 6, -2/53 HPs)
             Began as a Minotaur Fighter on June 5, 2022.
             Slain by Ijyb
             ... wielding a +1 dagger of holy wrath
              (6 damage)
             ... on level 3 of the Dungeon.
             The game lasted 00:02:17 (2210 turns).

Sin92 the Shield-Bearer (Minotaur Fighter)          Turns: 2210, Time: 00:02:17

Health: -2/53      AC:  8    Str: 25    XL:     6   Next: 7%
Magic:  4/4        EV: 10    Int:  5    God:
Gold:   31         SH:  4    Dex:  9    Spells: 5/5 levels left

rFire   . . .      SeeInvis .   h - +0 mace (holy)
rCold   . . .      Faith    .   c - +0 buckler
rNeg    . . .      Spirit   .   b - +0 scale mail
rPois   .          Reflect  .   (helmet restricted)
rElec   .          Harm     .   n - +0 cloak
rCorr   .          Rampage  .   (no gloves)
Will    .....      Clarity  +   (no boots)
Stlth   ..........              (no amulet)
HPRegen 0.17/turn               (no ring)
MPRegen 0.09/turn               (no ring)

@: no status effects
A: horns 2, retaliatory headbutt, clarity, low MP 1, strong 1
a: no special abilities


You were on level 3 of the Dungeon.
You visited 1 branch of the dungeon, and saw 3 of its levels.

You collected 31 gold pieces.

Inventory:

Hand Weapons
 a - a +0 war axe
 h - a +0 mace of holy wrath (weapon)
Missiles
 k - a throwing net (quivered)
Armour
 b - a +0 scale mail (worn)
 c - a +0 buckler (worn)
 n - a +0 cloak (worn)
Jewellery
 g - a +4 ring of protection
Scrolls
 e - a scroll of amnesia {unknown}
 f - a scroll of vulnerability {unknown}
 j - 2 scrolls of immolation {unknown}
 m - a scroll of noise {unknown}
Potions
 d - a potion of ambrosia {unknown}
 i - a potion of mutation
 l - a potion of degeneration {unknown}
 o - a potion of curing {unknown}


   Skills:
 + Level 4.7 Fighting
 + Level 3.7(4.2) Axes
 + Level 2.7(3.6) Maces & Flails
 + Level 4.7 Armour
 + Level 2.3 Dodging
 + Level 4.7 Shields


You had 5 spell levels left.
You didn't know any spells.
Your spell library contained the following spells:

 Spells                   Type           Power      Damage    Failure   Level
 Sandblast                Erth           0%         2d4       83%         1
 Sting                    Tmut/Pois      0%         1d3       83%         1
 Blink                    Tloc           0%         N/A       93%         2
 Passwall                 Tmut/Erth      0%         N/A       93%         2
 Poisonous Vapours        Pois/Air       0%         N/A       93%         2
 Lesser Beckoning         Tloc           0%         N/A       99%         3
 Stone Arrow              Conj/Erth      0%         3d7       99%         3
 Summon Guardian Golem    Hex/Summ       0%         N/A       99%         3
 Olgreb's Toxic Radiance  Pois           0%         N/A       100%        4
 Manifold Assault         Tloc           0%         N/A       100%        5
 Orb of Destruction       Conj           0%         9d5       100%        7
 Spellforged Servitor     Conj/Summ      0%         N/A       100%        7


Dungeon Overview and Level Annotations

Branches:
Dungeon (3/15)

Altars:

Annotations:
D:3 Ijyb


Innate Abilities, Weirdness & Mutations

You have a pair of horns on your head.
You reflexively headbutt those who attack you in melee.
You possess an exceptional clarity of mind.
Your magical capacity is low. (-10% MP)
Your muscles are strong. (Str +2)


Message History

You block Ijyb's attack.
Unknown command.
You closely miss Ijyb. You headbutt Ijyb, but do no damage.
Ijyb is heavily wounded.
Ijyb zaps a wand.
Your mind is blasted!
Unknown command.
You closely miss Ijyb.
Ijyb is heavily wounded.
Ijyb hits you with a +1 dagger of holy wrath.
Unknown command.
You are too injured to fight recklessly!
Unknown command.
You are too injured to fight recklessly!
You are too injured to fight recklessly!
Unknown command.
You are too injured to fight recklessly!
Unknown command.
You are too injured to fight recklessly!
Unknown command.
It was a potion of mutation.
You feel extremely strange.
You feel less energetic.
You feel stronger.
Your thoughts seem clearer.
Ijyb zaps a wand.
Your mind is blasted!
* * * LOW HITPOINT WARNING * * *
Okay, then.
You hit Ijyb but do no damage.
Ijyb is heavily wounded.
Ijyb hits you with a +1 dagger of holy wrath.
* * * LOW HITPOINT WARNING * * *
Ijyb hits you with a +1 dagger of holy wrath.
* * * LOW HITPOINT WARNING * * *
You hit Ijyb.
Ijyb is severely wounded.
Ijyb closely misses you.
You closely miss Ijyb.
Ijyb is severely wounded.
Ijyb barely misses you.
You hit Ijyb.
Ijyb is severely wounded.
Ijyb hits you with a +1 dagger of holy wrath.
You die...

###.#..# ....... ##
#....!# .. #.....#
.# #.....# .#
.....## .# #.#g†.#
.# #.#@..# .#
######### #.....#
.###........##..##.#
............+.(.##.#
####........#....# #
+<..........#..#.#
#.†.........#..#.#
#...........#..#.#
#...........#..#.#


You could see Ijyb.

Vanquished Creatures
  Sigmund (D:2)
  A bullfrog zombie (D:3)
  Terence (D:2)
  2 adders
  A worm (D:2)
  An endoplasm (D:1)
  6 giant cockroaches
  2 hobgoblins (D:1)
  7 jackals
  2 quokkas
  5 ball pythons
  4 bats
  4 frilled lizards
  2 goblins (D:1)
  4 kobolds
  3 rats (D:1)
46 creatures vanquished.

Notes
Turn   | Place    | Note
-------+----------+-------------------------------------------
     0 | D:1      | Sin92 the Minotaur Fighter began the quest for the Orb.
     0 | D:1      | Reached XP level 1. HP: 19/19 MP: 0/0
    24 | D:1      | Reached XP level 2. HP: 14/27 MP: 1/1
   475 | D:1      | Found a faded altar of an unknown god.
   700 | D:1      | Reached skill level 1 in Maces & Flails
   870 | D:2      | Noticed Terence
   888 | D:2      | Killed Terence
   889 | D:2      | Reached skill level 1 in Dodging
   889 | D:2      | Reached XP level 3. HP: 8/33 MP: 2/2
  1144 | D:2      | Reached XP level 4. HP: 35/40 MP: 3/3
  1360 | D:2      | Noticed Sigmund
  1378 | D:2      | Killed Sigmund
  1379 | D:2      | Reached XP level 5. HP: 14/47 MP: 4/4
  2081 | D:3      | Reached XP level 6. HP: 50/53 MP: 5/5
  2192 | D:3      | Noticed Ijyb
  2206 | D:3      | Gained mutation: Your magical capacity is low. (-10% MP)
                  | [potion of mutation]
  2206 | D:3      | Gained mutation: Your muscles are strong. (Str +2) [potion
                  | of mutation]
  2206 | D:3      | Gained mutation: You possess an exceptional clarity of
                  | mind. [potion of mutation]
  2210 | D:3      | Slain by Ijyb

Illustrated notes

Levels and vault maps discovered:
D:1:      dpeg_arrival_rooms_b, layout_rooms, dreamdust_ecumenical_altar_statues
D:2:      layout_basic, uniq_terence, uniq_sigmund
D:3:      layout_basic, uniq_grinder, uniq_ijyb, uniq_natasha

Skill      XL: |  1  2  3  4 |
---------------+-------------+-----
Maces & Flails | 1 2 |  2.7
Fighting       | 4 |  4.7
Axes           | 3 |  3.7
Armour         | 4 |  4.7
Dodging        | 1 2 |  2.3
Shields        | 4 |  4.7

Action                   |  1- 3 |  4- 6 || total
-------------------------+-------+-------++-------
Melee: War axe           |    12 |       ||    12
       Headbutt          |     8 |     4 ||    12
       Mace              |    56 |    51 ||   107
  Use: Potion            |       |     3 ||     3
Armor: Scale mail        |    38 |    20 ||    58
Dodge: Dodged            |    47 |    24 ||    71
Block: Buckler           |    20 |    13 ||    33
